AoeStats
← 陌涼

Four Lakes

509645138Analyzed
1v1 RM · 6d ago on Sep 27, 2026· 34m 55s· 2 players
Game mode
Random Map
Map size
Tiny (2 player)
Population
200
Speed
Normal
Resources
Standard
Victory
Conquest
Starting age
Dark Age
Ending age
Imperial Age
RankedLock teamsTeams togetherTeam positionsShared explorationLock speedFull tech treeHidden civsTurbo modeCheats
Victory
Defeat
🇹🇼 Japanese · Taiwan
278
+7
🇪🇸 Burgundians · Spain
56
-7
Cana
0:48 Loom
14:34 Feudal Age
14:33 Double-Bit Axe
14:32 Horse Collar
14:45 Gold Mining
14:46 Stone Mining
15:15 Fishing Lines
15:00 Man-at-Arms
23:38 Castle Age
21:24 Town Watch
28:08 Guilds
28:28 Town Patrol
31:41 Wheelbarrow
36:00 Imperial Age
陌涼
1:00 Loom
12:24 Feudal Age
12:51 Double-Bit Axe
12:56 Arson
13:49 Man-at-Arms
17:47 Horse Collar
22:04 Forging
21:54 Scale Mail Armor
21:45 Fletching
22:38 Wheelbarrow
27:09 Castle Age
26:16 Padded Archer Armor
29:55 Thumb Ring
29:11 Crossbowman
29:26 Long Swordsman
29:51 Gambesons
30:07 Squires
30:46 Iron Casting
31:18 Bow Saw
32:24 Ballistics
32:14 Husbandry
32:26 Husbandry
33:26 Bodkin Arrow
Connection lost

Rejoining the realm…

Still unreachable

The connection could not be restored.

Session expired

The server has moved on; the page needs a fresh start.